 Dungeon Crawl Stone Soup version 0.19.4-8-ga85b6b9 (webtiles) character file.

240 xveg the Bolt Thrower (level 5, -4/45 HPs)
             Began as a Deep Dwarf Hunter on Feb 11, 2017.
             Was an Initiate of Fedhas.
             Killed from afar by an orc wizard (10 damage)
             ... with a puff of flame
             ... on level 3 of the Dungeon.
             The game lasted 00:41:29 (3979 turns).

xveg the Bolt Thrower (Deep Dwarf Hunter)           Turns: 3979, Time: 00:41:30

Health: -4/45      AC:  7    Str: 20 (21) XL:     5   Next: 79%
Magic:  5/5        EV: 11    Int:  8 (11) God:    Fedhas [......]
Gold:   88         SH:  0    Dex: 13 (14) Spells: 0 memorised, 4 levels left

rFire  . . .     SeeInvis +     i - +0 blowgun (curse)
rCold  . . .     Gourm    .     k - +1 scale mail
rNeg   . . .     Faith    +     (no shield)
rPois  .         Spirit   .     (no helmet)
rElec  .         Reflect  .     (no cloak)
rCorr  .         Harm     .     (no gloves)
MR     .....                    (no boots)
Stlth  ..........               f - amulet of faith
                                (no ring)
                                t - ring of see invisible

@: mighty, non-regenerating
A: damage resistance, recharge devices, sense surroundings 1, slow regeneration
3
a: Device Recharging, Fungal Bloom, Renounce Religion


You were on level 3 of the Dungeon.
You worshipped Fedhas.
Fedhas was noncommittal.
You were not hungry.

You visited 1 branch of the dungeon, and saw 4 of its levels.
You also visited: Sewer.

You collected 88 gold pieces.

Inventory:

Hand Weapons
 a - a +1 hand crossbow
 i - a cursed +0 blowgun (weapon)
 l - a +0 short sword
Missiles
 o - 3 bolts
Armour
 c - a +0 leather armour
 k - a +1 scale mail (worn)
Jewellery
 f - an amulet of faith (around neck)
 t - a ring of see invisible (left hand)
Wands
 e - a wand of heal wounds (0/9)
Scrolls
 g - 3 scrolls of identify
Potions
 h - a potion of heal wounds
Comestibles
 j - 3 fruits
 q - a beef jerky
 s - 2 bread rations


   Skills:
 - Level 2.0 Fighting
 + Level 1.1 Short Blades
 * Level 6.5 Crossbows
 + Level 0.1 Throwing
 + Level 2.4 Armour
 + Level 3.0 Dodging
 + Level 1.2 Stealth


You had 4 spell levels left.
You didn't know any spells.

Dungeon Overview and Level Annotations

Branches:
Dungeon (4/15)
 Temple: D:4-7

Altars:
Fedhas

Shops:
D:4 (


Innate Abilities, Weirdness & Mutations

You are resistant to damage.
You can recharge devices by infusing magical energy.
You passively map a small area around you.
You do not regenerate.


Message History

The tomahawk barely misses you. The worm misses you.
The orc closely misses you.
Items here: $ )) ? a club; a scroll of noise; 11 gold pieces; a club You hit the orc!
You kill the orc!
The orc wizard hits you but does no damage.
The worm bites you.
You completely miss the orc wizard. The orc wizard closely misses you.
The orc wizard hits you but does no damage.
The worm bites you.
* * * LOW HITPOINT WARNING * * *
You closely miss the orc wizard.
The orc wizard points at you and mumbles some strange words.
The puff of frost hits you!
* * * LOW HITPOINT WARNING * * *
The orc wizard casts a spell at you. The puff of flame hits you!
You die...
Fedhas appreciates your contribution to the ecosystem.

####.#.######8...8##.......####.*
# #.#.######.....#####.....###$#
## #.#.....#8.....8# ##........#
.# #.########.....## ##...#####
≈# #.# #8...8# ##.## #. ≈###.##
###>### #.#####. ≈#....#
**####### #..##...
≈###..######.##.(#.# ##.##.##
≈#....##.....##w@#.# #.##...
≈#........#* ##o#.# #.##.#.
≈#........## # #o#.########.##.#.
≈#........##.# #..........#.##.#.
≈#........##.#####.######.#.##...
.#.............# #(# #.#.##...
#........>.###.###.# #.#.###..
...........# #.....# #..#.###.
#..........###o##### #.###....


You could see a worm, an orc wizard (invisible) and an orc.

Vanquished Creatures
  A hound (D:3)
  Natasha (D:3)
  3 gnolls (D:3)
  7 adders
  2 river rats (Sewer)
  A worm (D:2)
  A dart slug (D:1)
  3 leopard geckos
  2 orcs (D:3)
  7 giant cockroaches
  5 goblins
  10 hobgoblins
  A ball python (Sewer)
  12 bats
  3 frilled lizards (D:1)
  9 kobolds
  9 rats
77 creatures vanquished.

Notes
Turn   | Place    | Note
-------+----------+-------------------------------------------
     0 | D:1      | xveg the Deep Dwarf Hunter began the quest for the Orb.
     0 | D:1      | Reached XP level 1. HP: 19/19 MP: 1/1
   144 | D:1      | Reached XP level 2. HP: 21/26 MP: 2/2
   597 | D:1      | Reached skill level 5 in Crossbows
  1714 | D:2      | Reached skill level 1 in Armour
  1714 | D:2      | Reached XP level 3. HP: 23/32 MP: 3/3
  2229 | D:2      | Reached XP level 4. HP: 36/39 MP: 4/4
  2797 | D:3      | Noticed Natasha
  2797 | D:3      | Reached skill level 6 in Crossbows
  2804 | D:3      | Reached XP level 5. HP: 37/45 MP: 5/5
  2840 | D:3      | Killed Natasha
  2886 | D:3      | Found a glowing drain.
  2922 | Sewer    | Entered a sewer
  2987 | Sewer    | Reached skill level 1 in Short Blades
  3404 | D:4      | Noticed an ogre
  3415 | D:4      | Found Yleuzyc's Antique Weapon Shop.
  3422 | D:3      | Found a blossoming altar of Fedhas.
  3434 | D:3      | Became a worshipper of Fedhas Madash
  3958 | D:3      | HP: 2/45 [kobold/club (2)]
  3979 | D:3      | Killed from afar by an orc wizard

Skill      XL: |  1  2  3  4  5 |
---------------+----------------+-----
Crossbows      | 5 6 |  6.5
Armour         | 1 2 |  2.4
Fighting       | 2 |  2.0
Short Blades   | 1 |  1.1
Dodging        | 3 |  3.0
Throwing       | |  0.1
Stealth        | |  1.2

Action                   |  1- 3 |  4- 6 || total
-------------------------+-------+-------++-------
Melee: Short sword       |       |   157 ||   157
       Blowgun           |       |    80 ||    80
       Halberd           |       |     5 ||     5
 Fire: Hand crossbow     |    84 |    30 ||   114
       Blowgun           |       |     2 ||     2
Throw: Tomahawk          |       |     8 ||     8
       Stone             |       |     5 ||     5
Invok: Fungal Bloom      |       |     1 ||     1
Evoke: Wand              |       |     5 ||     5
  Use: Potion            |     3 |     6 ||     9
       Scroll            |     1 |     9 ||    10
  Eat: Bread ration      |     1 |       ||     1
       Meat ration       |       |     1 ||     1
       Fruit             |       |     1 ||     1
Armor: Leather armour    |     2 |       ||     2
       Scale mail        |     7 |   224 ||   231
       Skin              |       |    52 ||    52
Dodge: Dodged            |    15 |   282 ||   297
